 Dungeon Crawl Stone Soup version 0.21-a0-265-gb353147 (webtiles) character file.

121 monkeysee the Grave Robber (level 4, -3/30 HPs)
             Began as a Mummy Necromancer on Sept 11, 2017.
             Slain by a river rat (9 damage)
             ... on level 3 of the Dungeon.
             The game lasted 00:05:45 (2696 turns).

monkeysee the Grave Robber (Mummy Necromancer)      Turns: 2696, Time: 00:05:46

Health: -3/30      AC:  2    Str: 11    XL:     4   Next: 77%
Magic:  0/10       EV: 12    Int: 15    God:
Gold:   68         SH:  0    Dex: 12    Spells: 3/11 levels left

rFire    x . .     SeeInvis .   d - +0 short sword (curse)
rCold    + . .     Gourm    .   (no shield)
rNeg     + + +     Faith    .   a - +0 robe rPois āˆž Spirit .
                                (no helmet)
rElec    .         Reflect  .   (no cloak)
rCorr    .         Harm     .   (no gloves)
MR       .....                  (no boots)
Stlth    ++........             (no amulet)
HPRegen  0.10/turn              (no ring)
MPRegen  0.12/turn              (no ring)

@: very slightly contaminated
A: no food or potions, fire vulnerability, cold resistance 1, negative energy
resistance 3, torment resistance, unbreathing
a: no special abilities


You were on level 3 of the Dungeon.
You were not hungry.

You visited 1 branch of the dungeon, and saw 3 of its levels.

You collected 68 gold pieces.

Inventory:

Hand Weapons
 c - a +0 hand axe
 d - a cursed +0 short sword (weapon)
Missiles
 h - 7 javelins (quivered)
 k - 8 javelins of penetration
Armour
 a - a +0 robe (worn)
Wands
 i - a wand of paralysis (11/24)
Scrolls
 e - 3 scrolls of recharging {unknown}
 f - 5 scrolls of amnesia {unknown}
 g - 2 scrolls of remove curse {unknown}
 j - a scroll of teleportation {unknown}
 l - a scroll of noise {unknown}
Books
 b - a book of Necromancy

   Spells                             Type                      Level
   a - Pain                           Necromancy                   1
   b - Animate Skeleton               Necromancy                   1
   c - Vampiric Draining              Necromancy                   3
   d - Regeneration                   Charms/Necromancy            3
   e - Animate Dead                   Necromancy                   4
   f - Control Undead                 Necromancy                   4


   Skills:
 - Level 1.5 Dodging
 - Level 1.5 Stealth
 + Level 4.4 Spellcasting
 * Level 5.3 Necromancy


You had 3 spell levels left.
You knew the following spells:

 Your Spells              Type           Power        Failure   Level  Hunger
a - Pain                  Necr           ###.         1%          1    N/A
b - Vampiric Draining     Necr           ###.......   5%          3    N/A
c - Animate Dead          Necr           N/A          19%         4    N/A

Dungeon Overview and Level Annotations

Branches:
Dungeon (3/15)

Altars:
Elyvilon

Portals:
Sewer: D:3


Innate Abilities, Weirdness & Mutations

You do not eat or drink.
Your flesh is vulnerable to fire.
You are immune to poison.
Your flesh is cold resistant. (rC+)
You are immune to negative energy. (rN+++)
You are immune to unholy pain and torment.
You can survive without breathing.


Message History

Your adder zombie misses the adder.
The adder closely misses your adder zombie.
Your ball python zombie bites the adder but does no damage.
Your ball python zombie misses the adder.
Your adder zombie barely misses the adder.
The river rat bites you!
* * * LOW HITPOINT WARNING * * *
Your adder zombie closely misses the adder.
The adder bites your ball python zombie.
Unknown command.
Something barely misses your ball python zombie.
Something barely misses your adder zombie.
Casting: Pain
Confirm with . or Enter, or press ? or * to list all spells.
Aiming: Pain
Press: ? - help, Shift-Dir - straight line, f/p - river rat
Aim: a river rat (chance to defeat MR: 84%)
The river rat writhes in agony!
Something bites your adder zombie. The river rat bites you!
You die...

#...Zā‰ˆā‰ˆ....#...
#..............
#..........#.. ..
########Z#####
#.###......Z..#
#...#.....Z...#
###...........#
........r.....# ..
###...@......# #.#
##.........# ..
#.........# #.##
##..)......#
##..######.....###..!.
......................
######.######..######..$..
.........Z....## ####.#
######.###...##


You could see a river rat, a friendly ball python zombie and 2 friendly adder
zombies.

Vanquished Creatures
  7 adders
  A worm (D:2)
  8 bats
  6 giant cockroaches
  8 goblins
  7 hobgoblins
  3 jackals
  2 kobolds
  A ball python (D:2)
  3 frilled lizards
  10 rats
56 creatures vanquished.

Vanquished Creatures (collateral kills)
  A worm (D:3)
  2 ball pythons (D:3)
  2 rats
5 creatures vanquished.

Grand Total: 61 creatures vanquished

Notes
Turn   | Place    | Note
-------+----------+-------------------------------------------
     0 | D:1      | monkeysee the Mummy Necromancer began the quest for the Orb.
     0 | D:1      | Reached XP level 1. HP: 13/13 MP: 4/4
   196 | D:1      | Reached XP level 2. HP: 18/19 MP: 3/6
  1436 | D:2      | Reached XP level 3. HP: 24/24 MP: 2/8
  1536 | D:1      | Learned a level 3 spell: Vampiric Draining
  1885 | D:2      | Found a white marble altar of Elyvilon.
  1955 | D:2      | Reached XP level 4. HP: 28/30 MP: 1/10
  2138 | D:2      | Learned a level 4 spell: Animate Dead
  2408 | D:2      | Reached skill level 5 in Necromancy
  2647 | D:3      | Found a glowing drain.
  2696 | D:3      | Slain by a river rat

Vault maps used:
D:1:      eino_arrival_tree_alley, minmay_misc_feat_more_columns, minivault_25,
          minmay_strange_pillars
D:2:      elyvilon_altar_4
D:3:      portal_sewer_entry_a, nrook_mini_backslash

Skill      XL: |  1  2  3  4 |
---------------+-------------+-----
Spellcasting   | 3 4 |  4.4
Necromancy     | 5 |  5.3
Dodging        | |  1.5
Stealth        | |  1.5

Action                   |  1- 3 |  4- 6 || total
-------------------------+-------+-------++-------
Melee: Hand axe          |     6 |       ||     6
       Short sword       |    24 |    18 ||    42
 Cast: Pain              |    68 |    35 ||   103
       Animate Dead      |       |     4 ||     4
 Stab: Sleeping          |     2 |       ||     2
Armor: Robe              |    22 |    11 ||    33
Dodge: Dodged            |    60 |    38 ||    98

Table legend:
 A = Spawn XP
 B = Non-spawn XP
 C = Spawn XP percentage of total XP
 D = Spawn monster count
 E = Non-spawn monster count
 F = Spawn count percentage of total count
 G = Total turns spent on level
                    A         B        C        D         E        F      G
               +---------+---------+-------+---------+---------+-------+---------
         Total |       0 |     174 |   0.0 |       0 |      61 |   0.0 |  2696
               +---------+---------+-------+---------+---------+-------+---------
           D:1 |       0 |      42 |   0.0 |       0 |      26 |   0.0 |  1661
           D:2 |       0 |      75 |   0.0 |       0 |      25 |   0.0 |   820
           D:3 |       0 |      57 |   0.0 |       0 |      10 |   0.0 |   215
               +---------+---------+-------+---------+---------+-------+---------
